 Dungeon Crawl Stone Soup version 0.21.0-37-g46506fa (webtiles) character file.

317 Mgcat the Digger (level 6, -7/32 HPs)
             Began as a Gargoyle Earth Elementalist on Jan 30, 2018.
             Mangled by an iguana (10 damage)
             ... on level 4 of the Dungeon.
             The game lasted 00:19:09 (5644 turns).

Mgcat the Digger (Gargoyle Earth Elementalist)      Turns: 5644, Time: 00:19:10

Health: -7/32      AC:  7    Str: 12    XL:     6   Next: 44%
Magic:  6/12       EV: 12    Int: 17    God:
Gold:   166        SH:  0    Dex: 10    Spells: 9/13 levels left

rFire    . . .     SeeInvis .   l - +0 dagger
rCold    . . .     Gourm    .   (no shield)
rNeg     + . .     Faith    .   c - +0 robe
rPois    ∞         Spirit   .   (no helmet)
rElec    +         Reflect  .   (no cloak)
rCorr    .         Harm     .   s - +0 pair of gloves
MR       .....                  (no boots)
Stlth    ++........             (no amulet)
HPRegen  0.10/turn              (no ring)
MPRegen  0.13/turn              (no ring)

@: no status effects
A: negative energy resistance 1, electricity resistance, unbreathing,
petrification resistance, rot immunity, AC +4
a: no special abilities


You were on level 4 of the Dungeon.
You were hungry.

You visited 1 branch of the dungeon, and saw 4 of its levels.

You collected 166 gold pieces.

Inventory:

Hand Weapons
 l - a +0 dagger (weapon)
Missiles
 j - a stone (quivered)
Armour
 c - a +0 robe (worn)
 s - a +0 pair of gloves (worn)
Jewellery
 a - an uncursed ring of protection from cold {unknown}
 m - an uncursed ring of poison resistance {unknown}
Scrolls
 g - a scroll of amnesia {unknown}
 o - a scroll of fog {unknown}
 p - 3 scrolls of identify
 t - 3 scrolls of teleportation {unknown}
 v - a scroll of remove curse
Potions
 b - a potion of flight {unknown}
 f - 3 potions of magic
 h - 2 potions of ambrosia {unknown}
 i - a potion of resistance {unknown}
 k - a potion of might {unknown}
 n - a potion of mutation {unknown}
 q - 2 potions of curing {unknown}
 r - a potion of lignification {unknown}
Books
 e - a book of Geomancy

   Spells                             Type                      Level
   a - Sandblast                      Earth                        1
   b - Passwall                       Transmutation/Earth          2
   c - Stone Arrow                    Conjuration/Earth            3
   d - Petrify                        Transmutation/Earth          4
   e - Lee's Rapid Deconstruction     Earth                        5
Comestibles
 d - 3 rations
 u - a chunk of flesh


   Skills:
 - Level 1.5 Dodging
 - Level 2.1 Stealth
 + Level 4.0 Spellcasting
 + Level 3.2 Conjurations
   Level 0.7 Transmutations
 + Level 5.8 Earth Magic


You had 9 spell levels left.
You knew the following spells:

 Your Spells              Type           Power        Failure   Level  Hunger
a - Sandblast             Erth           ###...       1%          1    None
b - Stone Arrow           Conj/Erth      ###...       8%          3    ###....


Dungeon Overview and Level Annotations

Branches:
Dungeon (4/15)
 Temple: D:4-7

Altars:
Makhleb
Sif Muna

Annotations:
D:1 Terence
D:3 loralnil's ghost, amateur GrFi


Innate Abilities, Weirdness & Mutations

You are resistant to torment.
Your stone body is resilient. (AC +4)
You are immune to poison.
You resist negative energy. (rN+)
You are resistant to electric shocks. (rElec)
You can survive without breathing.
You are immune to petrification.
You are immune to rotting.


Message History

The iguana bites you!
* * * LOW HITPOINT WARNING * * *
Casting: Stone Arrow
Confirm with . or Enter, or press ? or * to list all spells.
Aiming: Stone Arrow
Press: ? - help, Shift-Dir - straight line, f - iguana
Aim: an iguana (moderately wounded)
The stone arrow hits the iguana.
The iguana is heavily wounded.
You are feeling hungry.
The iguana closely misses you.
Casting: Stone Arrow
Confirm with . or Enter, or press ? or * to list all spells.
Aiming: Stone Arrow
Press: ? - help, Shift-Dir - straight line, f/p - iguana
Aim: an iguana (heavily wounded)
The stone arrow hits the iguana.
The iguana is almost dead.
The iguana bites you!
You die...

..##...#... .........#
#......#.# . ##.........
.. ##........ ...
##.......###....
###........#.......##...
#.....l@..#...# .......
......###..# #.##.......
..... #..## .#........
.... ##..###..#......
... #...##......... ..
#.#..#.#........ .
#.##............. ##
##.....)##..##
#........#####


You could see an iguana.

Vanquished Creatures
  A scorpion (D:4)
  A hound (D:3)
  2 orc wizards (D:3)
  4 adders
  5 gnolls
  An ooze (D:4)
  A worm (D:2)
  2 dart slugs
  3 leopard geckos
  9 orcs
  3 giant cockroaches
  9 hobgoblins
  6 jackals
  4 kobolds
  A quokka (D:3)
  2 ball pythons
  6 bats
  3 frilled lizards
  8 goblins
  A jackal skeleton (D:4)
  8 rats
80 creatures vanquished.

Notes
Turn   | Place    | Note
-------+----------+-------------------------------------------
     0 | D:1      | Mgcat the Gargoyle Earth Elementalist began the quest for the Orb.
     0 | D:1      | Reached XP level 1. HP: 10/10 MP: 3/3
    43 | D:1      | Reached skill level 4 in Earth Magic
    43 | D:1      | Reached XP level 2. HP: 15/15 MP: 1/5
   672 | D:1      | Reached XP level 3. HP: 16/19 MP: 6/6
  1344 | D:1      | Learned a level 3 spell: Stone Arrow
  1519 | D:2      | Found a deep blue altar of Sif Muna.
  1533 | D:2      | Noticed Terence
  2438 | D:2      | Reached skill level 1 in Conjurations
  2438 | D:2      | Reached XP level 4. HP: 15/24 MP: 8/8
  3232 | D:3      | Reached skill level 5 in Earth Magic
  3232 | D:3      | Reached XP level 5. HP: 12/28 MP: 2/10
  3423 | D:3      | Found a burning altar of Makhleb.
  4131 | D:3      | Reached XP level 6. HP: 32/32 MP: 1/11
  4453 | D:3      | Noticed loralnil's ghost (amateur GrFi)
  5644 | D:4      | Mangled by an iguana

Skill      XL: |  1  2  3  4  5  6 |
---------------+-------------------+-----
Earth Magic    | 4 5 |  5.8
Spellcasting   | 3 4 |  4.0
Conjurations   | 1 2 3 |  3.2
Dodging        | |  1.5
Stealth        | |  2.1
Transmutations | |  0.7

Action                   |  1- 3 |  4- 6 || total
-------------------------+-------+-------++-------
Melee: Club              |    54 |       ||    54
       Unarmed           |    19 |       ||    19
       Dagger            |    50 |   360 ||   410
 Cast: Sandblast         |    27 |    27 ||    54
       Stone Arrow       |       |    13 ||    13
  Use: Scroll            |     3 |       ||     3
 Stab: Sleeping          |     3 |     3 ||     6
  Eat: Chunk             |     4 |     9 ||    13
       Ration            |       |     1 ||     1
Armor: Robe              |    35 |   131 ||   166
Dodge: Dodged            |    88 |   244 ||   332
